 Dungeon Crawl Stone Soup version 0.32-a0-22-g6ae6769602 (webtiles) character file.

Game seed: 9275935023512882220

50 IdlyInterested the Cutter (level 3, 0/27 HPs)
             Began as a Demonspawn Gladiator on Jan 18, 2024.
             Slain by a +0 spectral club (2 damage)
             ... created by Jessica
             ... on level 2 of the Dungeon.
             The game lasted 00:03:53 (1587 turns).

IdlyInterested the Cutter (Demonspawn Gladiator)    Turns: 1587, Time: 00:03:53

Health: 0/27       AC:  4    Str: 14    XL:     3   Next: 55%
Magic:  3/3        EV: 12    Int: 10    God:
Gold:   81         SH:  0    Dex: 14    Spells: 2/2 levels left

rFire   . . .        l - +1 dagger (speed)
rCold   . . .        (no shield)
rNeg    . . .        b - +0 leather armour
rPois   .            c - +0 helmet
rElec   .            m - scarf {shadows}
rCorr   .            (no gloves)
SInv    .            (no boots)
Will    .....        (no amulet)
Stlth   +            (no ring)
HPRegen 0.24/turn    (no ring)
MPRegen 0.08/turn

%: no passive effects
@: on berserk cooldown, slowed, very slow
A: powered by pain 1
a: no special abilities


You were on level 2 of the Dungeon.
You visited 1 branch of the dungeon, and saw 2 of its levels.

You collected 81 gold pieces.

Inventory:

Hand Weapons
 a - a +0 rapier
 j - a +0 rapier
 l - a +1 dagger of speed (weapon)
Missiles
 d - 3 throwing nets
 e - a javelin
 f - 37 stones (quivered)
 h - 11 poisoned darts
Armour
 b - a +0 leather armour (worn)
 c - a +0 helmet (worn)
 m - a scarf of shadows (worn)
Scrolls
 g - 2 scrolls of fog
 i - a scroll of teleportation
 k - 2 scrolls of amnesia {unknown}
 p - a scroll of torment {unknown}
Potions
 o - a potion of heal wounds {unknown}
 q - a potion of mutation {unknown}


   Skills:
 - Level 2.0 Fighting
 + Level 4.2 Short Blades
 - Level 1.7 Throwing
 - Level 2.6 Dodging


You had 2 spell levels left.
You didn't know any spells.
Your spell library contained the following spells:

 Spells                   Type           Power      Damage    Failure   Level
 Summon Small Mammal      Summ           0%         N/A       43%         1
 Call Canine Familiar     Summ           0%         N/A       82%         3
 Sigil of Binding         Hex            0%         N/A       82%         3
 Dimensional Bullseye     Hex/Tloc       0%         N/A       99%         4
 Summon Blazeheart Golem  Fire/Summ      0%         N/A       99%         4


Dungeon Overview and Level Annotations

Branches:
Dungeon (2/15)

Altars:

Annotations:
D:2 Jessica


Innate Abilities, Weirdness & Mutations

You sometimes gain a little power by taking damage.


Message History

Jessica is heavily wounded.
You closely miss Jessica.
Jessica is heavily wounded.
Jessica hits you with a +0 spectral club.
The +0 spectral club hits you.
You hit Jessica but do no damage.
Jessica is heavily wounded.
You hit Jessica.
Jessica is severely wounded.
Jessica gestures at you while chanting.
You barely resist.
The +0 spectral club enters a dispersal trap!
Jessica blinks! x3; You blink.
The +0 spectral club blinks!
The +0 spectral club disappears.
You start resting.
Jessica is nearby!
Jessica hits you with a +0 spectral club!
* * * LOW HITPOINT WARNING * * *
The +0 spectral club hits you.
* * * LOW HITPOINT WARNING * * *
A +0 spectral club comes into view.
You hit Jessica but do no damage.
Jessica is severely wounded.
Jessica gestures wildly while chanting.
Jessica blinks!
The +0 spectral club disappears.
It was a potion of berserk rage.
A red film seems to cover your vision as you go berserk!
You feel yourself moving faster!
You feel mighty!
You feel a strong urge to attack something.
Jessica mumbles some strange words.
Jessica blinks!
There is an open door here.
You feel your anger nearly subside.
You are no longer berserk.
You are exhausted.
You feel yourself slow down.
You hit Jessica but do no damage.
Jessica is severely wounded.
Jessica closely misses you. The +0 spectral club hits you.
You die...

##### ##...####
#####.....).##
##............##
#....#..#####..##
.##.).##:..##(@#
#...#.....#@.#
##..#.^...'..#
#..#.†...#..#
#..##...##..#####
##..#####........
##..............
##.....#......#
#######......#
##########..........#


You could see a +0 spectral club (wandering) and Jessica.

Vanquished Creatures
  An adder (D:2)
  A dart slug (D:2)
  2 ribbon worms (D:2)
  2 endoplasms (D:2)
  A giant cockroach (D:1)
  4 goblins
  2 hobgoblins
  3 jackals (D:1)
  3 quokkas
  5 ball pythons
  2 frilled lizards (D:2)
  3 kobolds (D:2)
  4 rats (D:1)
33 creatures vanquished.

Notes
Turn   | Place    | Note
-------+----------+-------------------------------------------
     0 | D:1      | IdlyInterested the Demonspawn Gladiator began the quest for
                  | the Orb.
     0 | D:1      | Reached XP level 1. HP: 16/16 MP: 1/1
   174 | D:1      | Reached skill level 3 in Short Blades
   185 | D:1      | Gained mutation: You sometimes gain a little power by
                  | taking damage. [demonic ancestry]
   185 | D:1      | Reached XP level 2. HP: 21/22 MP: 2/2
   792 | D:2      | Reached XP level 3. HP: 22/27 MP: 3/3
   971 | D:2      | Reached skill level 4 in Short Blades
  1557 | D:2      | Noticed Jessica
  1580 | D:2      | HP: 1/27 [+0 spectral club[Jessica] (3)]
  1587 | D:2      | Slain by a +0 spectral club

Illustrated notes

Levels and vault maps discovered:
D:1:      dpeg_arrival_pits, layout_loops_cross
D:2:      layout_rooms, minmay_misc_feat_doors, chequers_serial_rivers_small_b,
          minmay_door_square, kennysheep_jessica_study

Skill      XL: |  1  2  3 |
---------------+----------+-----
Short Blades   | 3 4 |  4.2
Fighting       | |  2.0
Throwing       | |  1.7
Dodging        | |  2.6

Action                     || total
---------------------------++-------
  Melee: Rapier            ||    68
         Dagger            ||    63
         Punch             ||     1
  Throw: Stone             ||     1
    Use: Scroll            ||     2
         Potion            ||     1
   Stab: Sleeping          ||     1
 Armour: Leather armour    ||    58
  Dodge: Dodged            ||    57

Table legend: (Time is in decaauts)
 A = Elapsed time spent in this place.
 B = Non-inter-level travel time spent in this place.
 C = Inter-level travel time spent in this place.
 D = Time resting spent in this place.
 E = Time spent auto-exploring this place.
 F = Levels seen in this place.
 G = Mean time per level.
                   A        B        C        D        E       F      G
               +--------+--------+--------+--------+--------+-----+--------+
         Total |   1556 |   1511 |     45 |    444 |    731 |   2 |  778.0 |
       Dungeon |   1556 |   1511 |     45 |    444 |    731 |   2 |  778.0 |
               +--------+--------+--------+--------+--------+-----+--------+

Top non-repeatable levels by time:
     D:1: 806 daAuts
     D:2: 750 daAuts
